← All builds
Beach sea / Cortex / Economy first / OBSERVED BUILD

Standard beach sea

The role's usual play: com goes to sea to build a shipyard around 2 minutes, pumping frigates and destroyers to contest enemy sea entry or hold vision, with an advanced metal extractor around 10 minutes as the transition into the team's…

Usually shipyard first (94%)

#naval #eco · 797 distinct matches · 106 players · 84% of Cortex Beach sea games · team won 55% of 860 · Recently observed

HOW TO PLAY IT

Key timing: Shipyard by 1:57

  1. Open 3 mex and wind while com heads straight to sea.
  2. Drop Shipyard fast, before 2:00, to seize early sea presence.
  3. Push "frigate" out to contest enemy sea entry or hold vision.
  4. Add "destroyer" as the fleet grows.
  5. Transition into Advanced Metal Extractor to catch up on eco.

Phase by phase

TYPICAL OF ITS 797 GAMES
  1. 1
  2. 2
  3. 3
PLAY THE OPENING

Follow the example game's first 6:00 step by step: what to build now, what comes next, and where it goes. At 1× it keeps pace with your own game.

  1. 1

    Up to the Shipyard

    Economy
    • Metal Extractor3Mex
    • Wind Turbine3Windfor allies
    • Wind Turbine2Wind
    • Energy Storage1Energy storage
    Order
    1. ShipyardShipyard after 3 mex, 2 wind, 1 energy storagedone ~1:57, middle half 1:45–2:08

    By 1:41 in all: 3 mex · 2 wind · 1 energy storage

    The example game in this phase · 4 steps
    1. Mex ×3
    2. Wind ×2for Air
    3. GuardGuard
    4. ShipyardShipyarddone 1:34 · typical 1:57
  2. 2

    Shipyard to 5:00

    Economy
    • Metal Extractor5Mex
    • Tidal Generator2Tidal
    Builders
    • Construction Ship2 Con ship
    Army
    • Riptide2 Frigate
    • Herring1 Missile corvette
    • Oppressor1 Destroyer
    Other
    • Naval Radar / Sonar Tower1 Naval Radar / Sonar Tower

    Some games also: Urchin (43%) · wind (40%) · submarine (39%) · gunboat (36%) · con turret (35%)

    By 5:00 in all: 8 mex · 3 wind · 2 tidal · 1 energy storage

    The example game in this phase · 22 steps
    1. Construction ShipCon ship
    2. Tidal ×2
    3. Windfor Air
    4. SupporterGunboat
    5. Tidal ×2
    6. SupporterGunboat ×3
    7. Mex
    8. SupporterGunboat ×2
    9. Mex
    10. SupporterGunboat
    11. Construction ShipCon ship
    12. Mex
    13. Wind
    14. HerringMissile corvette
    15. Wind
    16. OppressorDestroyerdone 4:37 · typical 5:10
    17. Mex
    18. Wind ×2
    19. Naval Radar / Sonar TowerNaval Radar / Sonar Tower
    20. Wind
    21. OppressorDestroyer
    22. Naval Energy Converter
  3. 3

    5:00 to 10:00

    Economy
    • Metal Extractor1Mex
    • Wind Turbine10Wind
    Builders
    • Death Cavalry1 Death Cavalry
    • Construction Ship1 Con ship
    Army
    • Urchin1 Urchin
    • Riptide5 Frigate
    • Oppressor2 Destroyer
    • Herring2 Missile corvette
    Other
    • Naval Radar / Sonar Tower1 Naval Radar / Sonar Tower

    Some games also: Naval Construction Turret (48%) · Guard (47%) · Radar Tower (40%) · tidal (38%) · con turret (35%)

    By 10:00 in all: 9 mex · 12 wind · 4 wind · 4 tidal · 1 energy storage · 1 Naval Construction Turret

    The example game in this phase · 97 steps
    1. Wind
    2. Naval Energy Converter
    3. Naval Radar / Sonar TowerNaval Radar / Sonar Tower
    4. Death CavalryDeath Cavalry
    5. OrcaSubmarine ×2done 6:46
    6. HerringMissile corvette
    7. RiptideFrigatedone 7:34 · typical 3:52
    8. Mex
    9. Con turret
    10. Tidal
    11. RiptideFrigate
    12. Advanced Metal ExtractorT2 mexdone 9:14 · typical 9:57
    13. Tidal ×2
    14. RiptideFrigate
    15. Tidal
    16. Wind
    17. Naval Radar / Sonar TowerNaval Radar / Sonar Tower
    18. Tidal
    19. Wind
    20. RiptideFrigate
    21. Tidal
    22. Advanced Metal ExtractorT2 mex
    23. Wind
    24. SlingshotSlingshot
    25. Tidal
    26. Wind
    27. RiptideFrigate
    28. Tidal
    29. Wind
    30. Advanced Metal ExtractorT2 mex
    31. Tidal
    32. OrcaSubmarine
    33. Wind
    34. Death CavalryDeath Cavalry
    35. Tidal
    36. Wind ×2
    37. Tidal
    38. Death CavalryDeath Cavalry
    39. SlingshotSlingshot
    40. Wind ×3
    41. Tidal
    42. Advanced Metal ExtractorT2 mex
    43. OppressorDestroyer
    44. Mex
    45. Wind
    46. Naval Construction Turret
    47. Wind
    48. Tidal
    49. Wind
    50. Mex
    51. Wind ×3
    52. Energy storage
    53. Naval Construction Turret
    54. Naval Radar / Sonar TowerNaval Radar / Sonar Tower
    55. HerringMissile corvette
    56. OppressorDestroyer
    57. HerringMissile corvette
    58. Naval Construction Turret
    59. Metal storage
    60. Naval Construction Turret
    61. HerringMissile corvette
    62. Advanced ShipyardAdvanced Shipyarddone 13:19
    63. Construction ShipCon ship
    64. Con turret
    65. Naval Radar / Sonar TowerNaval Radar / Sonar Tower
    66. Aircraft PlantAircraft Plantdone 13:26
    67. BeholderBeholder
    68. Advanced Construction SubAdvanced Construction Sub
    69. FinchFinch
    70. BeholderBeholder
    71. FinchFinch
    72. PathfinderPathfinder
    73. FinchFinch
    74. PathfinderPathfinder
    75. FinchFinch
    76. Naval Advanced Metal ExtractorNaval Advanced Metal Extractordone 14:30
    77. PathfinderPathfinder
    78. FinchFinch
    79. PathfinderPathfinder
    80. Con turret
    81. Naval Radar / Sonar TowerNaval Radar / Sonar Tower
    82. FinchFinch
    83. Fusion ReactorFusionnot finished by 15:00
    84. Wind ×3
    85. BeholderBeholder
    86. Con turret
    87. Wind
    88. UrchinUrchin
    89. Wind
    90. PhantasmRadar jammer ship
    91. Con turret
    92. Wind ×2
    93. Naval Advanced Metal ExtractorNaval Advanced Metal Extractor
    94. Wind
    95. Advanced Metal ExtractorT2 mex
    96. Wind
    97. UrchinUrchin

Counts are medians over the build's games: half of them build more, half fewer. The example game is EpicTyrannus's (42 OS, 29/09/2026); pick another.

Team trades

IN AT LEAST 30% OF ITS GAMES

You hand over

  • Wind Turbine3 Wind to Airfirst at 1:52 · in 78% of games

You get

  • Finch1 Finch from Airfirst at 1:58 · in 82% of games
  • Lazarus1 Lazarus from Geofirst at 2:14 · in 62% of games
  • Hephaestus1 Heavy transport from Airfirst at 2:16 · in 68% of games
  • Construction Bot1 Con bot from Geofirst at 2:27 · in 69% of games
  • Hercules1 Light transport from Airfirst at 2:33 · in 32% of games
  • Advanced Construction Bot1 T2 con bot from Techfirst at 8:09 · in 88% of games

How it plays out

Typical game of this build, running totals by minute

Metal produced

010k20k30k
0:005:0010:0015:00

metal

Enemy metal destroyed

05k10k
0:005:0010:0015:00

metal

Own metal lost

02.5k5k7.5k
0:005:0010:0015:00

metal

860 games.

Show as table
ByMetal produced: This buildEnemy metal destroyed: This buildOwn metal lost: This build
1:0040300
2:0093700
3:00156700
4:0025252150
5:003701197100
6:005033535253
7:0064791089590
8:00807318231036
9:00968328441610
10:001158939952337
11:001381552163090
12:001635861623828
13:001916272054613
14:002195883165726
15:002496293126596
WHAT THE NUMBERS SAY

Standard Beach sea wins more than Geo sea's 50% and gets its Shipyard up faster, using early sea access before falling behind on land resources.

  • + Shipyard finishes by 1:57, faster than Geo sea's 3:18
  • + 54% team win rate beats the Cortex geo sea baseline
  • − Metal produced trails Geo sea's Cortex build, 24356 vs 28451 by 15:00
  • − T2 factory only lands in 35% of games by 12:42
THE EXAMPLE YOU ARE READING

EpicTyrannus

42.1 OS · 29/09/2026

Open source match ↗

12 received units · includes a constructor
150 metal received · 30020 energy received

Allied construction assistance is unknown. Timings are observations, not a promise of solo reproducibility.

Typical milestones

Shipyard1:57Middle 50%: 1:45–2:08 · n=858
Riptide3:52Middle 50%: 3:16–4:34 · n=846
Oppressor5:10Middle 50%: 4:13–6:08 · n=831
Advanced Metal Extractor9:57Middle 50%: 9:16–10:53 · n=731

Played most by

EpicTyrannus83games of this buildDamsko66games of this buildWaboum64games of this buildPRO_HYDRA58games of this buildMrCoolPotato51games of this build
Standard beach sea · Cortex Beach sea build order · BAR Build Atlas